 Dungeon Crawl Stone Soup version 0.21.0-3-g78d12a8 (webtiles) character file.

236 komo4ek the Caller (level 6, -2/41 HPs)
             Began as a Human Summoner on Jan 12, 2018.
             Slain by Feta's ghost (15 damage)
             ... on level 4 of the Dungeon.
             The game lasted 00:11:36 (4121 turns).

komo4ek the Caller (Human Summoner)                 Turns: 4121, Time: 00:11:37

Health: -2/41      AC:  2    Str:  9    XL:     6   Next: 27%
Magic:  6/12       EV: 12    Int: 17    God:
Gold:   121        SH:  0    Dex: 13    Spells: 9/13 levels left

rFire    + . .     SeeInvis .   p - +0 dagger (curse)
rCold    x . .     Gourm    .   (no shield)
rNeg     . . .     Faith    .   a - +0 robe
rPois    .         Spirit   .   (no helmet)
rElec    .         Reflect  .   (no cloak)
rCorr    +         Harm     .   (no gloves)
MR       .....                  (no boots)
Stlth    ++........             (no amulet)
HPRegen  0.13/turn              y - ring of resist corrosion
MPRegen  0.13/turn              i - ring of fire

@: hasted, very quick
A: no striking features
a: no special abilities


You were on level 4 of the Dungeon.
You were not hungry.

You visited 1 branch of the dungeon, and saw 4 of its levels.

You collected 121 gold pieces.

Inventory:

Hand Weapons
 k - a +0 whip
 p - a cursed +0 dagger (weapon)
Missiles
 l - 82 stones
 m - 24 poisoned needles
 o - 2 tomahawks (quivered)
 q - 42 arrows
 v - 36 bolts
Armour
 a - a +0 robe (worn)
Jewellery
 g - a +1 ring of evasion
 i - a ring of fire (right hand)
 y - a ring of resist corrosion (left hand)
Wands
 n - a wand of iceblast (3)
Scrolls
 d - 5 scrolls of identify {unknown}
 e - 2 scrolls of amnesia {unknown}
 f - a scroll of teleportation {unknown}
 r - a scroll of immolation {unknown}
 s - a scroll of random uselessness {unknown}
 u - 2 scrolls of remove curse {unknown}
 w - a scroll of noise {unknown}
Potions
 j - a potion of agility {unknown}
 t - 2 potions of curing {unknown}
 x - a potion of mutation {unknown}
Books
 b - a book of Callings

   Spells                             Type                      Level
   a - Summon Small Mammal            Summoning                    1
   b - Call Imp                       Summoning                    2
   c - Call Canine Familiar           Summoning                    3
   d - Summon Guardian Golem          Hexes/Summoning              3
   e - Summon Lightning Spire         Summoning/Air                4
   f - Summon Ice Beast               Ice/Summoning                4
Comestibles
 c - 5 rations


   Skills:
 - Level 2.0 Dodging
 - Level 2.0 Stealth
 + Level 4.2 Spellcasting
 + Level 5.7 Summonings


You had 9 spell levels left.
You knew the following spells:

 Your Spells              Type           Power        Failure   Level  Hunger
a - Summon Small Mammal   Summ           ###.         1%          1    None
b - Call Canine Familiar  Summ           ###.....     4%          3    ###....


Dungeon Overview and Level Annotations

Branches:
Dungeon (4/15)
 Temple: D:4-7

Altars:
Fedhas
Ru
Wu Jian

Annotations:
D:4 Feta's ghost, novice HOFE


Message History

Your hound completely misses Feta's ghost.
Feta's ghost misses you.
Your bat hits Feta's ghost but does no damage.
Your rat closely misses Feta's ghost.
You swap places.
Your bat hits Feta's ghost but does no damage.
Your hound misses Feta's ghost. Your quokka misses Feta's ghost.
Feta's ghost closely misses you.
Your quokka bites Feta's ghost.
Your hound bites Feta's ghost.
Your rat misses Feta's ghost.
You swap places.
Your bat barely misses Feta's ghost.
Your quokka closely misses Feta's ghost.
Your hound closely misses Feta's ghost.
Your quokka bites Feta's ghost.
Feta's ghost points at you and mumbles some strange words.
The flame tongue hits you! You resist.
Your rat bites Feta's ghost.
There is a stone staircase leading up, spattered with blood here.
It was a potion of haste.
You feel yourself speed up.
Your bat hits Feta's ghost but does no damage.
Your hound bites Feta's ghost.
Your quokka barely misses Feta's ghost.
Your quokka misses Feta's ghost. Feta's ghost hits you!
You die...

##### ##.# ##...##
#.## ###.....## #..##
##........# ##....
##.........## #..#..
##..b........# #..###
#.....r......####.## #
##...Wh.......##..#
#..r@r.......##.##
#######.......[....#.#
......##.............#
...........>........##
....######..........#
### . ##.........#
#... ##.....##.###...
##....##.##....
#######.......


You could see Feta's ghost, a friendly hound, 2 friendly quokkas, a friendly bat
and a friendly rat.

Vanquished Creatures
  An orc wizard (D:4)
  An adder zombie (D:2)
  A leopard gecko (D:3)
  4 orcs
  11 bats
  A giant cockroach (D:2)
  2 goblins
  3 hobgoblins
  4 kobolds
  2 frilled lizards
  4 rats
34 creatures vanquished.

Vanquished Creatures (collateral kills)
  Sigmund (D:3)
  A hound (D:4)
  An orc wizard (D:4)
  4 gnolls (D:3)
  5 adders
  An ooze (D:3)
  3 worms
  A dart slug (D:1)
  2 leopard geckos
  4 orcs
  A bat (D:2)
  A giant cockroach (D:3)
  A goblin (D:3)
  2 hobgoblins (D:3)
  A quokka (D:3)
  5 frilled lizards
  3 rats
37 creatures vanquished.

Grand Total: 71 creatures vanquished

Notes
Turn   | Place    | Note
-------+----------+-------------------------------------------
     0 | D:1      | komo4ek the Human Summoner began the quest for the Orb.
     0 | D:1      | Reached XP level 1. HP: 13/13 MP: 3/3
   256 | D:1      | Reached XP level 2. HP: 19/19 MP: 5/5
  1220 | D:2      | Reached XP level 3. HP: 22/24 MP: 6/6
  1228 | D:2      | Learned a level 3 spell: Call Canine Familiar
  1916 | D:3      | Reached XP level 4. HP: 21/30 MP: 1/8
  2075 | D:3      | Noticed Sigmund
  2121 | D:3      | Killed Sigmund
  2121 | D:3      | Reached skill level 5 in Summonings
  2121 | D:3      | Reached XP level 5. HP: 35/35 MP: 4/10
  2905 | D:3      | Found a sacrificial altar of Ru.
  2905 | D:3      | Found an ornate altar of the Wu Jian Council.
  2905 | D:3      | Found a blossoming altar of Fedhas.
  3440 | D:4      | Reached XP level 6. HP: 31/41 MP: 6/12
  3898 | D:4      | Noticed Feta's ghost (novice HOFE)
  4121 | D:4      | Slain by Feta's ghost

Skill      XL: |  1  2  3  4  5 |
---------------+----------------+-----
Spellcasting   | 3 4 |  4.2
Summonings     | 5 |  5.7
Dodging        | |  2.0
Stealth        | |  2.0

Action                   |  1- 3 |  4- 6 || total
-------------------------+-------+-------++-------
Melee: Unarmed           |    31 |       ||    31
       Whip              |    36 |       ||    36
       Dagger            |    23 |    78 ||   101
Throw: Tomahawk          |    38 |       ||    38
       Stone             |     1 |       ||     1
 Cast: Summon Small Mamm |    23 |     5 ||    28
       Call Canine Famil |     4 |    25 ||    29
  Use: Potion            |       |     1 ||     1
 Stab: Sleeping          |       |     4 ||     4
       Distracted        |       |     1 ||     1
  Eat: Ration            |     1 |     3 ||     4
Armor: Robe              |    42 |    14 ||    56
Dodge: Dodged            |   107 |    45 ||   152
